 Dungeon Sprint DCSS version 0.22.1-1-ga44c0e56f4 (webtiles) character file.

229 MuseOD the Covert (level 5, -6/28 HPs)
             Began as a Spriggan Enchanter on Sept 28, 2018.
             Was an Initiate of Dithmenos.
             Killed from afar by a deep elf mage (16 damage)
             ... with a bolt of lightning
             ... in the Dungeon (Sprint III: "The Ten Rune Challenge").
             The game lasted 00:01:28 (249 turns).

MuseOD the Covert (Spriggan Enchanter)               Turns: 249, Time: 00:01:29

Health: -6/28      AC:  2    Str:  4    XL:     5   Next: 71%
Magic:  7/14       EV: 19    Int: 18    God:    Dithmenos [......]
Gold:   22         SH:  0    Dex: 16    Spells: 7/16 levels left

rFire    . . .     SeeInvis +   a - +1 dagger
rCold    . . .     Gourm    .   (shield restricted)
rNeg     . . .     Faith    .   b - +0 robe
rPois    .         Spirit   .   (helmet restricted)
rElec    .         Reflect  .   (no cloak)
rCorr    .         Harm     .   (gloves unavailable)
MR       .....     NoTele   +   (boots unavailable)
Stlth    ++++......             (no amulet)
HPRegen  0.09/turn              (no ring)
MPRegen  0.14/turn              (no ring)

@: very quick
A: very small, unfitting armour, see invisible, herbivore, speed 3, slow
metabolism 2
a: Renounce Religion


You were in the Dungeon.
You worshipped Dithmenos.
Dithmenos was noncommittal.
You were not hungry.

You visited 1 branch You collected 22 gold pieces.

Inventory:

Hand Weapons
 a - a +1 dagger (weapon)
Armour
 b - a +0 robe (worn)
Wands
 q - a wand of iceblast (6)
Scrolls
 j - a scroll of blinking
 k - 2 scrolls of holy word {unknown}
 l - 2 scrolls of identify {unknown}
 m - a scroll of enchant armour {unknown}
 o - 2 scrolls of remove curse
Potions
 c - 2 potions of mutation {unknown}
 e - a potion of curing
 f - a potion of heal wounds
 g - a potion of haste
 h - 2 potions of magic
 i - a potion of berserk rage
 n - 2 potions of brilliance {unknown}
 p - 2 potions of lignification {unknown}
Comestibles
 d - 3 rations


   Skills:
 + Level 3.0 Fighting
 * Level 6.5 Short Blades
 - Level 4.0 Dodging
 + Level 9.7 Stealth
 + Level 6.4 Spellcasting
 + Level 7.6 Hexes


You had 7 spell levels left.
You knew the following spells:

 Your Spells              Type           Power        Failure   Level  Hunger
a - Corona                Hex            ####...      1%          1    None
b - Ensorcelled Hibernat  Hex/Ice        ###...       3%          2    None
c - Confuse               Hex            ####....     1%          3    ##.....
d - Dazzling Spray        Conj/Hex       ###...       7%          3    ##.....

Your spell library contained the following spells:

 Spells                   Type           Power        Failure   Level  Hunger
 Tukima's Dance           Hex            ####....     1%          3    ##.....


Dungeon Overview and Level Annotations

Branches:
Dungeon (1/1)

Altars:
Dithmenos
Elyvilon
Ru
Yredelemnul
Zin
The Shining One


Innate Abilities, Weirdness & Mutations

You are very small and have problems with some larger weapons.
You are too small for most types of armour.
You have supernaturally acute eyesight. (SInv)
You are a herbivore.
You cover ground extremely quickly.
You need to consume almost no food.


Message History

Casting: Confuse (safe; 1% risk of failure)
Confirm with . or Enter, or press ? or * to list all spells.
Aiming: Dazzling Spray (safe; 7% risk of failure)
Press: ? - help, Shift-Dir - straight line, f - deep elf mage
Aim: a deep elf mage, wielding a long sword of holy wrath The spray of energy misses the deep elf mage.
The deep elf mage casts a spell.
The deep elf mage blinks!
Casting: Dazzling Spray (safe; 7% risk of failure)
Confirm with . or Enter, or press ? or * to list all spells.
Aiming: Confuse (safe; 1% risk of failure)
Press: ? - help, Shift-Dir - straight line, f/p - deep elf mage
Aim: a deep elf mage, wielding a long sword of holy wrath (chance to defeat MR: The deep elf mage resists with some effort.
The deep elf mage points at you and mumbles some strange words.
The bolt of lightning hits you!
Ouch! That really hurt!
The bolt of lightning hits you!
Ouch! That really hurt!
You die...

▓▓▓▓▓▓ ▓▓▓ .'...♣♣
♣.##### #### .#....♣
♣♣.#___# #__# ##....♣♣
..#§..# #._# .#....≈♣♣
♣♣.###@#+###'##
.#...≈≈.♣♣♣..#..........#
.#..≈≈≈≈♣.♣..'.⌠...e....#
'#..≈≈≈≈≈≈♣♣.#...######+#
.#.≈≈≈≈≈≈....#.⌠.#
.#.≈≈≈≈≈.....#...#
.#.≈≈≈.......#+###
##...........#
............†#


You could see a deep elf mage.

Vanquished Creatures
  A necrophage (D)
  A water elemental (D)
  Jessica (D)
  A necromancer (D)
  A human (D)
  2 oozes (D)
  A phantom (D)
  A rat (D)
9 creatures vanquished.

Vanquished Creatures (others)
  2 draconian scorchers (D)
  6 hellions (D)
  A yaktaur (D)
9 creatures vanquished.

Grand Total: 18 creatures vanquished

Notes
Turn   | Place    | Note
-------+----------+-------------------------------------------
     0 | D        | MuseOD the Spriggan Enchanter began the quest for the Orb.
     0 | D        | Reached XP level 1. HP: 9/9 MP: 5/5
     4 | D        | Reached skill level 5 in Stealth
    14 | D        | Reached XP level 2. HP: 13/13 MP: 7/7
    21 | D        | Learned a level 2 spell: Ensorcelled Hibernation
    22 | D        | Noticed Jessica
    26 | D        | Killed Jessica
    26 | D        | Reached skill level 7 in Stealth
    26 | D        | Reached XP level 3. HP: 16/16 MP: 7/9
    80 | D        | Learned a level 3 spell: Confuse
   108 | D        | Killed a hellion
   109 | D        | Killed a hellion
   109 | D        | Killed a hellion
   110 | D        | Killed a hellion
   114 | D        | Killed a yaktaur
   137 | D        | Killed a hellion
   139 | D        | Killed a hellion
   196 | D        | Killed a white draconian scorcher
   197 | D        | Learned a level 3 spell: Dazzling Spray
   197 | D        | Noticed a water elemental
   200 | D        | Killed a water elemental
   200 | D        | Reached skill level 1 in Fighting
   200 | D        | Reached skill level 8 in Stealth
   200 | D        | Reached skill level 5 in Spellcasting
   200 | D        | Reached XP level 4. HP: 22/23 MP: 7/12
   209 | D        | Found a basalt altar of Yredelemnul.
   209 | D        | Found a shadowy altar of Dithmenos.
   209 | D        | Found a sacrificial altar of Ru.
   209 | D        | Noticed a necrophage
   211 | D        | Reached skill level 5 in Short Blades
   211 | D        | Reached XP level 5. HP: 26/26 MP: 8/14
   212 | D        | Killed a necrophage
   212 | D        | Reached skill level 9 in Stealth
   216 | D        | Became a worshipper of Dithmenos the Shadowed
   241 | D        | Killed a white draconian scorcher
   246 | D        | Found a glowing silver altar of Zin.
   246 | D        | Found a glowing golden altar of the Shining One.
   246 | D        | Found a white marble altar of Elyvilon.
   246 | D        | Noticed a deep elf mage
   249 | D        | Killed from afar by a deep elf mage

Skill      XL: |  1  2  3  4  5 |
---------------+----------------+-----
Stealth        | 5 7 8 9 |  9.7
Spellcasting   | 3 4 5 6 |  6.4
Hexes          | 4 6 7 |  7.6
Dodging        | 4 |  4.0
Short Blades   | 4 5 6 |  6.5
Fighting       | 1 2 3 |  3.0

Action                   |  1- 3 |  4- 6 || total
-------------------------+-------+-------++-------
Melee: Dagger            |    27 |     2 ||    29
 Cast: Confuse           |     4 |     1 ||     5
       Dazzling Spray    |       |     1 ||     1
 Stab: Sleeping          |     5 |     2 ||     7
       Confused          |     1 |       ||     1
Armor: Robe              |     1 |       ||     1
Dodge: Dodged            |    15 |       ||    15
